 Dungeon Crawl Stone Soup version 0.30-a0-964-gd452b5e7fa (webtiles) character file.

Game seed: 10292338753445271167

8251 vishdafish the Destroyer (level 11, -3/68 HPs)
             Began as a Demonspawn Conjurer on Mar 30, 2023.
             Was a Believer of Vehumet.
             Shot with an arrow by a centaur warrior (11 damage)
             ... on level 9 of the Dungeon.
             The game lasted 00:22:12 (9586 turns).

vishdafish the Destroyer (Demonspawn Conjurer)      Turns: 9586, Time: 00:22:13

Health: -3/68      AC:  9    Str:  7    XL:     11   Next: 7%
Magic:  0/35       EV: 12    Int: 24    God:    Vehumet [**....]
Gold:   549        SH:  0    Dex: 12    Spells: 23/32 levels left

rFire   . . .      SeeInvis .    s - +2 dagger (pain)
rCold   . . .      Faith    .    (no shield)
rNeg    . . .      Spirit   +    J - +0 steam dragon scales
rPois   .          Reflect  .    (no helmet)
rElec   .          Rampage  .    (no cloak)
rCorr   .                        (no gloves)
Will    .....                    R - +0 pair of boots
Stlth   ++                       N - amulet of regeneration
HPRegen 1.11/turn                n - ring of wizardry
MPRegen 0.48/turn                A - ring of magical power

@: no status effects
A: yellow scales 2, magic shield, magic regeneration, magic link, demonic magic
1
a: Renounce Religion


You were on level 9 of the Dungeon.
You worshipped Vehumet.
Vehumet was pleased with you.
You visited 2 branches of the dungeon, and saw 10 of its levels.
You also visited: Sewer.

You collected 549 gold pieces.

Inventory:

Hand Weapons
 d - a +0 dagger
 s - a +2 dagger of pain (weapon)
Missiles
 v - a throwing net
Armour
 a - a +0 robe
 J - +0 steam dragon scales (worn)
 Q - a +2 robe of positive energy
 R - a +0 pair of boots (worn)
Magical Staves
 P - a staff of conjuration
Jewellery
 n - a ring of wizardry (left hand)
 o - a ring of poison resistance
 p - a ring of positive energy
 A - a ring of magical power (right hand)
 B - an amulet of the acrobat
 L - an amulet of faith
 N - an amulet of regeneration (around neck)
Wands
 r - a wand of roots (13)
 y - a wand of charming (8)
 I - a wand of digging (7)
 S - a wand of polymorph (2)
 U - a wand of flame (21)
Scrolls
 c - 2 scrolls of blinking
 f - 3 scrolls of teleportation
 h - 2 scrolls of immolation {unknown}
 i - 5 scrolls of noise {unknown}
 k - 10 scrolls of identify {unknown}
 q - 2 scrolls of silence {unknown}
 u - a scroll of poison {unknown}
 w - a scroll of brand weapon {unknown}
 E - a scroll of vulnerability {unknown}
 M - 3 scrolls of amnesia {unknown}
 O - 2 scrolls of fog {unknown}
Potions
 b - a potion of attraction {unknown}
 e - 2 potions of cancellation
 g - 9 potions of curing
 j - 2 potions of ambrosia {unknown}
 l - 4 potions of invisibility {unknown}
 m - 7 potions of mutation {unknown}
 t - 4 potions of degeneration {unknown}
 x - 4 potions of haste {unknown}
 C - 2 potions of magic
 D - 4 potions of lignification {unknown}
 F - a potion of brilliance {unknown}
 G - a potion of heal wounds {unknown}
 H - a potion of experience {unknown}
 K - a potion of resistance {unknown}
 T - a potion of flight {unknown}


   Skills:
 - Level 1.7 Dodging
 - Level 1.7 Stealth
 + Level 11.4 Spellcasting
 + Level 12.8 Conjurations


You had 23 spell levels left.
You knew the following spells:

 Your Spells              Type           Power      Damage    Failure   Level
a - Magic Dart            Conj           100%       1d8       1%          1
b - Fulminant Prism       Conj/Hex       22%        3d12      1%          4
c - Iskenderun's Mystic   Conj/Tloc      44%        2d10      1%          4

Your spell library contained the following spells:

 Spells                   Type           Power      Damage    Failure   Level
 Static Discharge         Conj/Air       88%        2-6/arc   1%          2
 Beastly Appendage        Tmut           26%        N/A       1%          1
 Kiss of Death            Conj/Necr      100%       2d13      1%          1
 Shock                    Conj/Air       100%       1d9       1%          1
 Searing Ray              Conj           100%       2d8       1%          2
 Dazzling Flash           Conj/Hex       88%        N/A       1%          3
 Ensorcelled Hibernation  Hex/Ice        26%        N/A       2%          2
 Passwall                 Tmut/Erth      10%        N/A       2%          2
 Wereblood                Tmut           13%        N/A       2%          2
 Confusing Touch          Hex            13%        N/A       6%          3
 Frozen Ramparts          Ice            26%        1d4       6%          3
 Spider Form              Tmut/Pois      13%        N/A       6%          3
 Swiftness                Air            13%        N/A       6%          3
 Airstrike                Air            6%         2d(1-17)  17%         4
 Dispel Undead            Necr           13%        3d9       17%         4
 Ice Form                 Ice/Tmut       13%        N/A       17%         4
 Summon Ice Beast         Ice/Summ       13%        N/A       17%         4


Dungeon Overview and Level Annotations

Branches:
Dungeon (9/15)             Temple (1/1) D:7            Lair (0/5) D:9
  Sewer (visited)
    Orc: D:9-12

Altars:
Ashenzari
Cheibriados
Dithmenos
Fedhas
Gozag
Kikubaaqudgha
Makhleb
Nemelex Xobeh
Okawaru
Qazlal
Ru
Uskayaw
Vehumet
Wu Jian
Xom
Yredelemnul


Innate Abilities, Weirdness & Mutations

You are mostly covered in yellow scales. (AC +3)
When hurt, damage is shared between your health and your magic reserves.
You regenerate magic rapidly.
When low on magic, you restore magic in place of health.
Spells you cast may paralyse adjacent enemies.


Message History

A fulminant prism comes into view.
A nearby plant withers and dies.
The centaur warrior wields a +0 shortbow.
The centaur warrior shoots an arrow.
The arrow misses you.
Your fulminant prism crackles loudly.
The centaur warrior shoots an arrow.
The arrow hits you!
Your fulminant prism explodes!
The blast of energy engulfs the centaur warrior!
The centaur warrior is moderately wounded.
The blast of energy engulfs the fungus!
The fungus begins to die.
The fungus is lightly damaged.
The blast of energy engulfs the fungus!!
The fungus begins to die.
The fungus is lightly damaged.
The blast of energy engulfs the plant!
The plant begins to die.
The plant is lightly damaged.
The blast of energy engulfs the fungus!!
The fungus begins to die.
The fungus is lightly damaged.
The blast of energy engulfs the fungus!
The fungus begins to die.
The fungus is lightly damaged.
Casting: Fulminant Prism (dangerous; 1% risk of failure)
Confirm with . or Enter, or press ? or * to list all spells.
Aiming: Fulminant Prism (dangerous; 1% risk of failure)
Press: ? - help, Dir - move target You conjure a prism of explosive energy!
Malevolent energies surge around you.
A fulminant prism comes into view.
The centaur warrior shoots an arrow.
The arrow hits you!!
The centaur warrior shoots an arrow.
The arrow hits you!!
Your fulminant prism crackles loudly.
Okay, then.
Blink to where?
Press: ? - help, Dir - move target
As you read the scroll of blinking, it crumbles to dust.
You hear an explosion!
You hear a horrible gurgling sound!
The centaur warrior shoots an arrow.
The arrow hits you!!
* * * LOW HITPOINT WARNING * * *
The centaur warrior shoots an arrow.
The arrow hits you!
You die...

#.###########.#.#. #.####
#.#.#. #############
#.##<###### #.#.#.
#...........# #.#.......#
#.#.#. #...........#
#.#..####.# #.....
#...........# #.#..# #.#
###.##
#...........####.#..####.#
#.#
#...........#).........#.#
#.#
+........c......@#.###.#.#
#)# #...........#.##.#####
#.# #.#
......c.....#........# #.#
#.# .P..PP.P*...####.###.#
#.#####.# .......P#####
#.# #.# #.......#
..P..P...# #.# #.#
#...##### .....P...# #.#
#.# #.#.#
...P.PP.P.######+###.#
#.#.#
P.P....P....#.....##.#
#.#.#


You could see a centaur warrior.

Vanquished Creatures
  An ugly thing (D:9)
  Psyche (D:8)
  An efreet (D:9)
  A troll (D:9)
  A queen bee (D:9)
  2 hornets
  Sigmund (D:2)
  A slime creature (D:9)
  2 yaks (D:9)
  3 wyverns
  2 steam dragons
  2 acid dragons (D:9)
  5 water moccasins (D:9)
  4 orc warriors
  6 black bears
  3 ogres
  4 centaurs
  2 phantoms (D:6)
  2 bullfrogs (D:9)
  4 kobold brigands
  5 scorpions
  3 wights (D:8)
  16 killer bees
  An electric eel (D:8)
  5 hounds
  3 gnoll boudas
  7 orc priests
  4 jellies
  6 iguanas
  Ijyb (D:3)
  A sleepcap (D:7)
  Natasha (twice) (D:2)
  12 orc wizards
  12 gnolls
  5 adders
  3 river rats
  2 shadow imps
  2 white imps (D:5)
  An ufetubus (D:7)
  4 worms
  2 dart slugs
  33 orcs
  11 endoplasms
  4 giant cockroaches
  4 goblins
  4 hobgoblins
  A jackal (D:1)
  6 quokkas
  5 ball pythons
  5 bats
  4 frilled lizards
  26 kobolds
  10 rats
258 creatures vanquished.

Vanquished Creatures (others)
  A worm (D:4)
  29 fulminant prisms
  37 fungi (D:9)
  39 plants (D:9)
106 creatures vanquished.

Grand Total: 364 creatures vanquished

Notes
Turn   | Place    | Note
-------+----------+-------------------------------------------
     0 | D:1      | vishdafish the Demonspawn Conjurer began the quest for the
                  | Orb.
     0 | D:1      | Reached XP level 1. HP: 13/13 MP: 3/3
   302 | D:1      | Gained mutation: You regenerate magic rapidly. [demonic
                  | ancestry]
   302 | D:1      | Reached XP level 2. HP: 19/19 MP: 0/5
   454 | D:1      | Found a faded altar of an unknown god.
  1038 | D:2      | Reached XP level 3. HP: 24/24 MP: 4/7
  1060 | D:2      | Noticed Sigmund
  1074 | D:2      | Killed Sigmund
  1075 | D:2      | Reached skill level 5 in Conjurations
  1075 | D:2      | Gained mutation: You are partially covered in yellow
                  | scales. (AC +2) [demonic ancestry]
  1075 | D:2      | Reached XP level 4. HP: 16/30 MP: 1/9
  1075 | D:2      | Gained mutation: When hurt, damage is shared between your
                  | health and your magic reserves. [demonic ancestry]
  1075 | D:2      | Reached XP level 5. HP: 18/35 MP: 1/10
  1477 | D:2      | Learned a level 4 spell: Fulminant Prism
  1482 | D:2      | Learned a level 4 spell: Iskenderun's Mystic Blast
  1484 | D:2      | Noticed Natasha
  1491 | D:2      | Killed Natasha
  1701 | D:2      | Gained mutation: You are mostly covered in yellow scales.
                  | (AC +3) [demonic ancestry]
  1701 | D:2      | Reached XP level 6. HP: 41/41 MP: 7/12
  1725 | D:2      | Noticed Natasha
  1732 | D:2      | Killed Natasha
  1751 | D:2      | Reached skill level 6 in Conjurations
  2239 | D:3      | Noticed Ijyb
  2345 | D:3      | Killed Ijyb
  2613 | D:3      | Found a stormy altar of Qazlal.
  2867 | D:4      | Reached skill level 5 in Spellcasting
  3075 | D:4      | Gained mutation: When low on magic, you restore magic in
                  | place of health. [demonic ancestry]
  3075 | D:4      | Reached XP level 7. HP: 34/46 MP: 5/14
  3288 | D:4      | Found a glowing drain.
  3292 | Sewer    | Entered a sewer
  3305 | Sewer    | Reached skill level 7 in Conjurations
  4387 | D:5      | Entered Level 5 of the Dungeon
  4401 | D:4      | Reached XP level 8. HP: 33/52 MP: 0/17
  4491 | D:5      | Reached skill level 8 in Conjurations
  5332 | D:6      | Found a shimmering altar of Xom.
  5449 | D:6      | Reached skill level 9 in Conjurations
  5586 | D:6      | Reached XP level 9. HP: 48/57 MP: 16/20
  6374 | D:7      | Reached skill level 10 in Conjurations
  6604 | D:7      | Found a staircase to the Ecumenical Temple.
  6642 | Temple   | Entered the Ecumenical Temple
  6659 | Temple   | Became a worshipper of Vehumet
  7442 | D:8      | Noticed Psyche
  7498 | D:8      | Killed Psyche
  7506 | D:8      | Paralysed by a hornet for 2 turns
  7507 | D:8      | Reached skill level 11 in Conjurations
  7507 | D:8      | Reached XP level 10. HP: 38/63 MP: 0/23
  7786 | D:8      | Reached * piety under Vehumet
  7786 | D:8      | Offered knowledge of Sandblast by Vehumet.
  7904 | D:8      | Reached skill level 10 in Spellcasting
  8244 | D:8      | Found a snail-covered altar of Cheibriados.
  8499 | D:8      | Found a burning altar of Makhleb.
  8531 | D:8      | Found a hide-covered altar of Uskayaw.
  8738 | D:9      | Offered knowledge of Static Discharge by Vehumet.
  8739 | D:9      | Reached ** piety under Vehumet
  8809 | D:9      | Reached skill level 12 in Conjurations
  8971 | D:9      | Found a sacrificial altar of Ru.
  9071 | D:9      | Found a staircase to the Lair.
  9119 | D:9      | Found a sparkling altar of Nemelex Xobeh.
  9215 | D:9      | Found a broken altar of Ashenzari.
  9321 | D:9      | Found an ancient bone altar of Kikubaaqudgha.
  9332 | D:9      | Noticed a centaur warrior
  9342 | D:9      | Identified the +7 hand axe of Fortitude {speed, MP+9 Str+3}
  9342 | D:9      | Noticed a red ugly thing
  9350 | D:9      | Noticed a brown ugly thing
  9351 | D:9      | Killed a brown ugly thing
  9352 | D:9      | Gained mutation: Spells you cast may paralyse adjacent
                  | enemies. [demonic ancestry]
  9352 | D:9      | Reached XP level 11. HP: 20/68 MP: 7/26
  9586 | D:9      | Shot with an arrow by a centaur warrior

Illustrated notes

Levels and vault maps discovered:
D:1:      psy_arrival_radial01, layout_rooms,
          ebering_ecumenical_altar_petrified, minmay_split_cup_small
D:2:      layout_basic, uniq_sigmund, uniq_natasha
D:3:      layout_loops_ring, mainiacjoe_overflow_brackets,
          overflow_temple_1_default, uniq_ijyb
D:4:      layout_gridville, gup_sewer_entry_bowl
D:5:      layout_cave_pools
D:6:      minmay_recursive_quarters, layout_loops_ring, xom_butterflies,
          kennysheep_generic_room_16
D:7:      layout_gridville, minmay_temple_entry_stoned_glass
D:8:      cheibrodos_helix_gallery, layout_gridville,
          nicolae_overflow_crystal_walls, mainiacjoe_overflow_two_lobes,
          serial_park_tiny_2, uniq_psyche
D:9:      minmay_the_grid_square_5x5_3x3
          [minmay_the_grid_square_5x5_beaten_path,
          minmay_the_grid_square_5x5_inner_z,
          minmay_the_grid_square_5x5_n_small, minmay_the_grid_square_5x5_forky,
          minmay_the_grid_square_5x5_megaprize_crossed,
          minmay_the_grid_square_5x5_three_small,
          minmay_the_grid_square_5x5_shrine1, minmay_the_grid_square_5x5_lines,
          minmay_the_grid_square_5x5_c], layout_basic,
          nemelex_spade_bored_becter, marbit_many_paths,
          lemuel_coloured_pillars_altar, due_lair_maze_entry_diamond,
          minivault_7
Temple:   nicolae_temple_ecumenical_triangle

Skill      XL: |  1  2  3  4  5  6  7  8  9 10 |
---------------+-------------------------------+-----
Spellcasting   | 3 4 5 6 7 9 11 | 11.4
Conjurations   | 5 6 7 9 11 12 | 12.8
Dodging        | |  1.7
Stealth        | |  1.7

Action                     |  1- 3 |  4- 6 |  7- 9 | 10-12 || total
---------------------------+-------+-------+-------+-------++-------
  Melee: Dagger            |       |       |    33 |     7 ||    40
         Punch             |       |       |     2 |       ||     2
   Cast: Magic Dart        |    61 |   100 |   289 |   168 ||   618
         Iskenderun's Myst |       |     8 |    54 |    50 ||   112
         Fulminant Prism   |       |     3 |    15 |    11 ||    29
  Evoke: Wand              |       |       |     5 |       ||     5
    Use: Potion            |     2 |       |     2 |       ||     4
         Scroll            |       |       |       |     5 ||     5
   Stab: Sleeping          |       |       |       |     1 ||     1
         Paralysed         |       |       |       |     2 ||     2
 Armour: Robe              |       |     3 |    29 |       ||    32
         Steam dragon scal |       |       |    13 |    26 ||    39
  Dodge: Dodged            |     9 |     4 |    85 |    49 ||   147

Table legend: (Time is in decaauts)
 A = Elapsed time spent in this place.
 B = Non-inter-level travel time spent in this place.
 C = Inter-level travel time spent in this place.
 D = Time resting spent in this place.
 E = Time spent auto-exploring this place.
 F = Levels seen in this place.
 G = Mean time per level.
                   A        B        C        D        E       F      G
               +--------+--------+--------+--------+--------+-----+--------+
         Total |   9646 |   9312 |    334 |      2 |   7861 |  11 |  876.9 |
       Dungeon |   9107 |   8790 |    317 |      2 |   7444 |   9 | 1011.9 |
        Temple |     34 |     17 |     17 |      0 |      5 |   1 |   34.0 |
         Sewer |    504 |    504 |      0 |      0 |    412 |   1 |  504.0 |
               +--------+--------+--------+--------+--------+-----+--------+

Top non-repeatable levels by time:
     D:8: 1414 daAuts
     D:4: 1172 daAuts
     D:6: 1138 daAuts
     D:2: 1126 daAuts
     D:7: 969 daAuts
     D:1: 941 daAuts
     D:9: 862 daAuts
     D:3: 783 daAuts
     D:5: 698 daAuts
   Sewer: 504 daAuts
  Temple: 34 daAuts
